 Dungeon Crawl Stone Soup version 0.17-a0-1914-gde4187c (webtiles) character file.

10717 syzygy the Fighter (level 11, 93/101 HPs)
             Began as a Hill Orc Monk on Sept 26, 2015.
             Was a High Priest of Okawaru.
             Quit the game on level 11 of the Dungeon.
             The game lasted 00:35:05 (10478 turns).

syzygy the Fighter (Hill Orc Monk)                 Turns: 10478, Time: 00:35:05

Health: 93/101     AC: 17    Str: 18    XL:     11   Next: 66%
Magic:  15/15      EV:  9    Int: 10    God:    Okawaru [*****.]
Gold:   631        SH: 10    Dex: 16    Spells: 0 memorised, 10 levels left

rFire  + . .     SeeInvis +     a - +2 war axe (venom)
rCold  x . .     Clarity  .     I - +0 chain mail {rPois}
rNeg   . . .     SustAt   .     T - +0 shield
rPois  +         Gourm    .     j - +0 helmet
rElec  .         Spirit   .     K - +0 cloak (curse)
rCorr  .         Warding  .     Z - +2 pair of gloves {Str+3}
rMut   .         Rnd*Tele +     (no boots)
MR     .....                    (no amulet)
Stlth  ..........               E - ring "Nihik" {Fire *Contam rPois Slay+3 SInv}
                                z - ring of teleportation (curse)

@: not resistant to hostile enchantments, extremely unstealthy
A: no striking features
a: Heroism, Finesse, Renounce Religion, Evoke Teleportation


You were on level 11 of the Dungeon.
You worshipped Okawaru.
Okawaru was extremely pleased with you.
You were not hungry.

You visited 2 branches of the dungeon, and saw 12 of its levels.

You collected 631 gold pieces.

Inventory:

Hand weapons
 a - a +2 war axe of venom (weapon)
 b - a +3 scimitar of flaming
Missiles
 N - 3 throwing nets (quivered)
Armour
 j - a +0 helmet (worn)
 I - a +0 chain mail of poison resistance (worn)
 K - a cursed +0 cloak (worn)
 T - a +0 shield (worn)
 Z - a +2 pair of gloves of strength (worn)
Jewellery
 k - an uncursed ring of positive energy
 z - a cursed ring of teleportation (left hand)
 E - the ring "Nihik" (right hand) {Fire *Contam rPois Slay+3 SInv}
   (You took it off an orc wizard on level 7 of the Dungeon)

   [ring of fire]

   It enhances your fire magic, and weakens your ice magic.
   It affects your accuracy and damage with ranged weapons and melee attacks
   (+3).
   It protects you from fire.
   It makes you vulnerable to cold.
   It protects you from poison.
   It lets you see invisible.
   It causes magical contamination when unequipped.
 L - an uncursed ring of flight {unknown}
Magical devices
 d - a wand of flame (16)
 h - a wand of enslavement (9)
 o - a wand of slowing (23)
 w - a wand of lightning (8)
 W - a wand of polymorph (14)
Scrolls
 c - a scroll of recharging
 e - a scroll of fear
 g - 2 scrolls of magic mapping
 i - a scroll of immolation
 m - 3 scrolls of noise
 n - 2 scrolls of amnesia
 s - 5 scrolls of teleportation
 A - a scroll of random uselessness {unknown}
 B - 2 scrolls of remove curse {unknown}
 D - a scroll of enchant weapon {unknown}
 P - 4 scrolls of identify
 X - a scroll of summoning {unknown}
Potions
 l - 3 potions of lignification {unknown}
 p - a potion of magic {unknown}
 r - 2 potions of might
 t - a potion of agility {unknown}
 u - a potion of invisibility {unknown}
 x - a potion of haste
 C - a potion of poison {unknown}
 G - 2 potions of brilliance {unknown}
 H - 2 potions of heal wounds
 J - a potion of resistance
 M - a potion of flight {unknown}
 O - 2 potions of curing {unknown}
 Q - 2 potions of ambrosia {unknown}
 S - a potion of cure mutation {unknown}
 U - a potion of experience {unknown}
 Y - a potion of mutation {unknown}
Books
 V - the Handbook of Unstable Stones
   (You found it on level 9 of the Dungeon)

   Spells                             Type                      Level
   a - Stoneskin                      Transmutation/Earth          2
   b - Stone Arrow                    Conjuration/Earth            3
   c - Passwall                       Transmutation/Earth          3
   d - Petrify                        Transmutation/Earth          4
Comestibles
 f - 2 meat rations
 F - 7 beef jerkies
 R - 13 bread rations


   Skills:
 - Level 10.7 Fighting
 - Level 10.5 Axes
 - Level 9.0 Armour
 + Level 7.7 Dodging
 - Level 1.5 Stealth
 * Level 5.3 Shields
 - Level 4.3 Unarmed Combat
 - Level 5.5 Invocations


You had 10 spell levels left.
You didn't know any spells.

Dungeon Overview and Level Annotations

Branches:
Dungeon (11/15)            Temple (1/1) D:6            Lair (0/8) D:10
    Orc (0/4) D:11

Altars:
Ashenzari
Cheibriados
Dithmenos
Elyvilon
Fedhas
Gozag
Kikubaaqudgha
Makhleb
Nemelex Xobeh
Okawaru
Qazlal
Ru
Sif Muna
Trog
Vehumet
Xom
Yredelemnul
Zin
The Shining One


Message History

You start resting.
All of the chunks of flesh in your inventory have rotted away.
You start resting.
A big kobold is nearby!
You slash the big kobold!
The big kobold is poisoned.
The big kobold is heavily wounded.
The big kobold closely misses you.
You miss the big kobold.
The big kobold is heavily wounded.
The big kobold barely misses you.
You hit the big kobold but do no damage.
The big kobold is heavily wounded.
The big kobold hits you but does no damage.
You slash the big kobold!
The big kobold is almost dead.
You block the big kobold's attack.
You hit the big kobold.
You kill the big kobold!
Okawaru accepts your kill.
Are you sure you want to abandon this character and quit the game? (Confirm with "yes".)

### #.. ..## #.# ..#
#.# #.## #.# ##..###
###.######.....####
###))...#.....8.....#
((.)).÷##...........##
(#####.[.)......@....#
.# #...8...)>....8...#
.# #.#...............#
.# #.##....÷......##..
.# #.##.....8.....# #
.. ..#####.....####
... ..# #(#..#...#
.......# ..........#
..... .#.#####...# ..


There were no monsters in sight!

Vanquished Creatures
  Harold (D:10)
  Erolcha (D:8)
  Erica (D:9)
  Sonja (D:10)
  A kobold demonologist (D:10)
  The ghost of ActionAutist the Changer, an experienced DgTm (D:7)
  A troll (D:8)
  A two-headed ogre (D:9)
  6 yaks
  A deep elf mage (D:11)
  A hippogriff (D:9)
  Grum (D:8)
  A hungry ghost (D:7)
  The ghost of ActionAutist the Insei, an average DgTm (D:4)
  A deep elf fighter (D:10)
  3 wolves (D:8)
  3 ice beasts
  2 orc warriors
  3 sky beasts
  A water moccasin (D:6)
  2 phantoms
  2 black bears
  3 ogres
  4 centaurs
  A necrophage (D:8)
  5 big kobolds
  A crocodile (D:10)
  4 giant frogs
  A gnoll sergeant (D:10)
  3 killer bees (D:8)
  6 scorpions
  6 crimson imps
  5 hounds
  7 orc priests
  3 jellies
  9 orc wizards
  4 iguanas
  4 centaur skeletons
  Natasha (thrice) (D:2)
  10 worker ants
  A killer bee zombie (D:9)
  2 worker ant zombies (D:6)
  Robin (D:2)
  11 gnolls
  7 adders
  A river rat (D:10)
  5 shadow imps
  3 oozes
  4 worms
  An adder skeleton (D:6)
  7 giant geckos
  28 orcs
  14 bats
  8 giant cockroaches
  10 goblins
  10 hobgoblins
  6 quokkas
  A ball python (D:1)
  2 giant gecko skeletons
  5 giant newts
  A jackal zombie (D:5)
  28 kobolds
  A quokka zombie (D:7)
  13 rats
  A fungus (D:10)
286 creatures vanquished.

Vanquished Creatures (others)
  An orc (D:11)
1 creature vanquished.

Grand Total: 287 creatures vanquished

Notes
Turn   | Place    | Note
--------------------------------------------------------------
     0 | D:1      | syzygy the Hill Orc Monk began the quest for the Orb.
     0 | D:1      | Reached XP level 1. HP: 19/19 MP: 1/1
    57 | D:1      | Found a sparkling altar of Nemelex Xobeh.
   116 | D:1      | Reached XP level 2. HP: 25/27 MP: 2/2
   519 | D:1      | Reached skill level 1 in Armour
   648 | D:1      | Reached XP level 3. HP: 24/34 MP: 3/3
   749 | D:2      | Noticed Robin
   774 | D:2      | Killed Robin
  1004 | D:2      | Noticed Natasha
  1029 | D:2      | Killed Natasha
  1029 | D:2      | Reached skill level 5 in Fighting
  1029 | D:2      | Reached XP level 4. HP: 12/42 MP: 4/4
  1040 | D:2      | Noticed Natasha
  1428 | D:2      | Found a faded altar to an unknown god.
  1539 | D:2      | Killed Natasha
  1914 | D:2      | Reached XP level 5. HP: 18/50 MP: 5/5
  2007 | D:2      | Noticed Natasha
  2012 | D:2      | Killed Natasha
  2238 | D:3      | Reached skill level 6 in Fighting
  2486 | D:3      | Found a shimmering altar of Xom.
  2639 | D:3      | Found a deep blue altar of Sif Muna.
  3021 | D:4      | Reached skill level 1 in Axes
  3021 | D:4      | Reached XP level 6. HP: 55/58 MP: 6/6
  3059 | D:4      | Noticed ActionAutist's ghost (average DgTm)
  3100 | D:4      | Killed ActionAutist's ghost
  3378 | D:4      | Reached XP level 7. HP: 60/64 MP: 7/7
  3933 | D:4      | Reached skill level 7 in Fighting
  4158 | D:4      | Found a white marble altar of Elyvilon.
  4160 | D:4      | Found a glowing golden altar of the Shining One.
  4164 | D:4      | Found a glowing silver altar of Zin.
  4625 | D:5      | Entered Level 5 of the Dungeon
  4691 | D:5      | Reached skill level 5 in Axes
  4698 | D:5      | Reached XP level 8. HP: 73/73 MP: 8/8
  4981 | D:5      | Found a bloodstained altar of Trog.
  5329 | D:5      | Found a shattered altar of Ashenzari.
  5397 | D:5      | Found a radiant altar of Vehumet.
  5620 | D:6      | Reached skill level 5 in Armour
  5625 | D:6      | Reached skill level 8 in Fighting
  5697 | D:6      | Found a staircase to the Ecumenical Temple.
  5712 | Temple   | Entered the Ecumenical Temple
  5965 | D:6      | Reached XP level 9. HP: 55/81 MP: 9/9
  5965 | D:6      | Paralysed by a centaur for 4 turns
  5997 | D:6      | Found an iron altar of Okawaru.
  6015 | D:6      | Became a worshipper of Warmaster Okawaru
  6015 | D:6      | Acquired Okawaru's first power
  6514 | D:7      | Reached skill level 5 in Dodging
  6532 | D:7      | Got a twitching brass ring
  6554 | D:7      | Reached skill level 9 in Axes
  6585 | D:7      | Found a glowing golden altar of the Shining One.
  6620 | D:7      | Noticed ActionAutist's ghost (experienced DgTm)
  6668 | D:7      | Killed ActionAutist's ghost
  6668 | D:7      | Reached skill level 1 in Invocations
  7655 | D:6      | Found a sacrificial altar of Ru.
  7860 | D:8      | Reached XP level 10. HP: 73/91 MP: 12/12
  8092 | D:7      | Identified the ring "Nihik" {Fire *Contam rPois Slay+3 SInv} (You took it off an orc wizard on level 7 of the Dungeon)
  8134 | D:8      | Noticed Grum
  8152 | D:8      | Killed Grum
  8227 | D:8      | Reached skill level 10 in Fighting
  8523 | D:8      | Noticed Erolcha
  8533 | D:8      | Killed Erolcha
  8602 | D:8      | Reached skill level 10 in Axes
  9079 | D:9      | Noticed Erica
  9089 | D:9      | Killed Erica
  9089 | D:9      | Reached skill level 5 in Invocations
  9089 | D:9      | Reached XP level 11. HP: 97/101 MP: 12/14
  9251 | D:9      | Identified the Handbook of Unstable Stones
  9279 | D:9      | Found a snail-covered altar of Cheibriados.
  9290 | D:9      | Found a blossoming altar of Fedhas.
  9393 | D:10     | Entered Level 10 of the Dungeon
  9413 | D:10     | Noticed Harold
  9430 | D:10     | Killed Harold
  9767 | D:10     | Noticed Sonja
  9784 | D:10     | Reached skill level 1 in Shields
  9785 | D:10     | Killed Sonja
  9785 | D:10     | Acquired Okawaru's second power
  9876 | D:10     | Found a staircase to the Lair.
  9932 | D:10     | Found a bloodstained altar of Trog.
  9958 | D:10     | Received a gift from Okawaru
 10212 | D:11     | Found a staircase to the Orcish Mines.
 10236 | D:11     | Reached skill level 5 in Shields
 10478 | D:11     | Quit the game

Vault maps used:
D:1:      dpeg_arrival_erosion, nemelex_xobeh_ov_fountains_minmay
D:2:      ecumenical_altar_2, minivault_5, uniq_natasha, uniq_robin
D:3:      lemuel_round_altar, lemuel_coloured_pillars_altar
D:4:      good_gods_temple_1, lexackson_kobold_supper
D:5:      bloody_trog, kennysheep_mini_moat, kennysheep_little_box, first_bread
D:6:      okawaru_gym_becter, nicolae_ru_path_of_blood, minmay_temple_entry_mist
D:7:      basic_altar, st_stairs_1, grunt_ogre_cave
D:8:      uniq_grum, uniq_erolcha
D:9:      amethyst_overflow_temple_binary, uniq_erica
D:10:     grunt_lair_entry_elf_guard_hut, basic_altar, kennysheep_small_square,
          uniq_sonja, uniq_harold
D:11:     david_orc_2, spider_trap, hangedman_abyss_or_decor_stagger
Temple:   temple_island_7

Action                   |  1- 3 |  4- 6 |  7- 9 | 10-12 || total
-------------------------+-------+-------+-------+-------++-------
Melee: Unarmed           |   137 |   177 |     7 |       ||   321
       War axe           |       |    48 |   354 |   301 ||   703
Invok: Heroism           |       |       |     3 |    10 ||    13
  Use: Potion            |       |     1 |       |       ||     1
       Scroll            |       |       |       |     7 ||     7
 Stab: Sleeping          |     1 |       |       |       ||     1
  Eat: Chunk             |       |     8 |     9 |     9 ||    26
       Pizza             |       |       |     1 |       ||     1
       Meat ration       |       |       |     2 |       ||     2
       Beef jerky        |       |       |     1 |     1 ||     2
